AoeStats
← ffff

Black Forest

509246594Analyzed
4v4 RM · 7d ago on Sep 26, 2026· 45m 6s· 8 players
Game mode
Random Map
Map size
Large (8 player)
Population
200
Speed
Normal
Resources
Standard
Victory
Conquest
Starting age
Dark Age
Ending age
Imperial Age
RankedLock teamsTeams togetherTeam positionsShared explorationLock speedFull tech treeHidden civsTurbo modeCheats
Victory
Defeat
🇦🇺 Jurchens · Australia
1430
+15
🇨🇦 Persians · Canada
1424
+15
🇺🇸 Malay · United States
1396
+16
🇺🇸 Vietnamese · United States
1376
+17
🇲🇽 Britons · Mexico
1422
-17
🇦🇷 Byzantines · Argentina
1403
-16
🇧🇷 Vietnamese · Brazil
1378
-15
🇺🇸 Danes · United States
1378
-15
Heisenberg
11:11 Feudal Age
12:33 Loom
15:33 Castle Age
13:56 Horse Collar
14:15 Double-Bit Axe
17:57 Bow Saw
21:18 Wheelbarrow
20:50 Heavy Plow
21:15 Town Watch
21:31 Fishing Lines
23:03 Gillnets
27:07 Stone Mining
27:07 Gold Mining
29:53 Imperial Age
28:42 Hand Cart
30:19 Ballistics
30:08 Scale Mail Armor
30:18 Forging
31:00 Gold Shaft Mining
30:43 Squires
30:03 Man-at-Arms
30:05 Elite Varangian Guard
30:44 Arson
30:46 Gambesons
31:17 Chain Mail Armor
31:01 Onager
32:45 Chemistry
32:33 Siege Engineers
31:51 Long Swordsman
34:01 Plate Mail Armor
34:07 Iron Casting
35:38 Pikeman
37:21 Blast Furnace
36:28 Halberdier
38:14 Conscription
40:32 Hamask
40:36 Elite Jomsviking
43:41 Heavy Scorpion
Seifer
0:55 Loom
14:53 Feudal Age
15:23 Town Watch
15:23 Fishing Lines
15:30 Double-Bit Axe
22:13 Castle Age
20:11 Stone Mining
22:25 Gold Mining
22:54 Gillnets
23:17 Bow Saw
24:08 Gold Shaft Mining
28:20 Imperial Age
25:58 Fletching
26:38 Bodkin Arrow
28:02 Padded Archer Armor
29:06 Ballistics
29:26 Conscription
29:08 Bracer
29:16 Siege Engineers
28:53 Treadmill Crane
30:21 Two-Man Saw
31:38 Masonry
32:44 Yeomen
33:16 Elite Longbowman
35:06 Chemistry
35:35 Leather Archer Armor
35:47 Scale Mail Armor
35:58 Forging
36:21 Architecture
35:32 Treadmill Crane
35:48 Murder Holes
36:11 Fortified Wall
40:59 Ring Archer Armor
40:45 Chain Mail Armor
41:06 Iron Casting
43:31 Plate Mail Armor
44:44 Hoardings
ffff
0:26 Loom
12:23 Feudal Age
18:30 Castle Age
16:57 Double-Bit Axe
17:19 Fishing Lines
18:30 Horse Collar
19:29 Bow Saw
19:21 Heavy Plow
19:33 Gold Mining
26:56 Wheelbarrow
27:17 Stone Mining
28:11 Gillnets
32:24 Imperial Age
30:58 Hand Cart
30:38 Fletching
30:49 Padded Archer Armor
31:51 Bodkin Arrow
32:15 Leather Archer Armor
33:23 Bracer
33:45 Ballistics
34:26 Chemistry
33:28 Elite Rattan Archer
35:07 Ring Archer Armor
36:36 Thumb Ring
40:08 Caravan
40:48 Murder Holes
41:03 Masonry
41:39 Paper Money
[VA] PabloB
10:27 Loom
12:56 Feudal Age
16:49 Castle Age
14:54 Double-Bit Axe
16:46 Horse Collar
18:05 Bow Saw
22:24 Wheelbarrow
25:59 Gold Mining
26:00 Stone Mining
27:09 Hand Cart
26:56 Fishing Lines
27:56 Scale Mail Armor
30:31 Imperial Age
28:31 Heavy Plow
29:31 Chain Mail Armor
29:22 Scale Barding Armor
29:29 Forging
30:08 Gold Shaft Mining
30:59 Gillnets
30:43 Elite Varangian Guard
31:56 Plate Mail Armor
32:42 Chemistry
31:54 Squires
31:40 Arson
32:43 Crop Rotation
33:14 Conscription
32:57 Gambesons
33:49 Iron Casting
34:00 Logistica
35:05 Chain Barding Armor
36:06 Pikeman
37:28 Plate Barding Armor
37:00 Halberdier
41:39 Bombard Tower
43:54 Hoardings
SecretAgent1942
1:36 Loom
12:17 Feudal Age
16:40 Castle Age
15:28 Double-Bit Axe
15:26 Horse Collar
17:34 Bow Saw
17:28 Heavy Plow
22:04 Wheelbarrow
23:17 Gold Mining
23:18 Stone Mining
23:58 Hand Cart
24:33 Stone Shaft Mining
29:31 Imperial Age
27:10 Town Watch
29:12 Fletching
29:49 Bodkin Arrow
30:06 Squires
29:45 Elite Skirmisher
30:30 Thumb Ring
31:37 Chemistry
31:51 Two-Man Saw
31:16 Ballistics
33:15 Crossbowman
34:06 Bracer
34:07 Padded Archer Armor
36:51 Leather Archer Armor
36:14 Man-at-Arms
36:18 Arbalester
40:54 Ring Archer Armor
42:03 Onager
Persian Assassin
4:01 Loom
12:57 Feudal Age
16:33 Castle Age
15:02 Double-Bit Axe
15:06 Horse Collar
24:16 Bow Saw
24:56 Heavy Plow
26:02 Wheelbarrow
26:51 Hand Cart
27:35 Stone Mining
27:35 Gold Mining
29:26 Gold Shaft Mining
29:29 Stone Shaft Mining
32:41 Imperial Age
30:53 Scale Barding Armor
31:01 Forging
31:38 Bloodlines
31:29 Husbandry
32:03 Devotion
32:31 Chain Barding Armor
32:19 Elite War Elephant
33:35 Iron Casting
33:20 Masonry
34:00 Conscription
34:24 Faith
35:32 Plate Barding Armor
36:18 Crop Rotation
36:51 Two-Man Saw
39:22 Blast Furnace
39:29 Town Watch
39:25 Light Cavalry
40:34 Caravan
40:12 Hussar
el manuck
1:35 Loom
10:51 Feudal Age
12:19 Double-Bit Axe
15:15 Horse Collar
22:03 Castle Age
21:58 Bow Saw
21:49 Heavy Plow
24:31 Wheelbarrow
27:02 Gold Mining
32:02 Imperial Age
29:50 Fletching
30:02 Crossbowman
30:50 Bodkin Arrow
32:35 Chemistry
32:15 Bracer
32:44 Padded Archer Armor
33:11 Conscription
33:31 Ballistics
34:36 Town Watch
35:06 Hand Cart
34:48 Arbalester
35:46 Leather Archer Armor
37:44 Thumb Ring
38:06 Siege Engineers
38:33 Ring Archer Armor
43:18 Elite Skirmisher
MaXimus
10:11 Loom
11:59 Feudal Age
15:37 Castle Age
14:06 Double-Bit Axe
14:02 Horse Collar
16:17 Fishing Lines
16:56 Bow Saw
18:04 Gillnets
21:30 Heavy Plow
24:27 Wheelbarrow
23:38 Loom
23:43 Town Watch
25:10 Fervor
25:58 Gold Mining
29:59 Imperial Age
28:07 Gold Shaft Mining
27:23 Stone Mining
28:33 Hand Cart
28:58 Scale Barding Armor
29:04 Forging
30:33 Stone Shaft Mining
31:09 Chain Barding Armor
31:25 Iron Casting
32:52 Chemistry
31:59 Siege Engineers
31:37 Treadmill Crane
32:19 Ballistics
31:42 Elite Iron Pagoda
33:01 Conscription
33:23 Plate Barding Armor
34:17 Blast Furnace
33:55 Husbandry
34:06 Bloodlines
41:10 Caravan
43:26 Light Cavalry
Connection lost

Rejoining the realm…

Still unreachable

The connection could not be restored.

Session expired

The server has moved on; the page needs a fresh start.